 Dungeon Crawl Stone Soup version 0.20.1-1-g8b1a95d (webtiles) character file.

65 Tr0llz0r the Shield-Bearer (level 4, -3/29 HPs)
             Began as a Gargoyle Fighter on Oct 31, 2017.
             Killed from afar by an orc wizard (8 damage)
             ... with a magic dart
             ... on level 2 of the Dungeon.
             The game lasted 00:03:18 (803 turns).

Tr0llz0r the Shield-Bearer (Gargoyle Fighter)        Turns: 803, Time: 00:03:18

Health: -3/29      AC: 11    Str: 20    XL:     4   Next: 13%
Magic:  4/4        EV:  7    Int:  9    God:
Gold:   109        SH:  9    Dex:  9    Spells: 3/3 levels left

rFire    . . .     SeeInvis .   a - +0 flail
rCold    . . .     Gourm    .   c - +0 shield
rNeg     + . .     Faith    .   b - +0 scale mail
rPois    ∞         Spirit   .   (no helmet)
rElec    +         Reflect  .   (no cloak)
rCorr    .         Harm     .   (no gloves)
MR       .....                  m - +0 pair of boots
Stlth    ..........             (no amulet)
Regen    0.1/turn               (no ring)
MPRegen  0.1/turn               (no ring)

@: no status effects
A: negative energy resistance 1, electricity resistance, unbreathing,
petrification resistance, rot immunity, AC +3
a: no special abilities


You were on level 2 of the Dungeon.
You were not hungry.

You visited 1 branch of the dungeon, and saw 2 of its levels.

You collected 109 gold pieces.

Inventory:

Hand Weapons
 a - a +0 flail (weapon)
Armour
 b - a +0 scale mail (worn)
 c - a +0 shield (worn)
 m - a +0 pair of boots (worn)
Scrolls
 e - 2 scrolls of identify {unknown}
 j - a scroll of fear {unknown}
 k - a scroll of blinking {unknown}
Potions
 d - a potion of might
 g - 2 potions of heal wounds {unknown}
 n - a potion of haste {unknown}
Comestibles
 f - a bread ration
 h - a royal jelly
 i - 2 fruits
 l - a meat ration


   Skills:
 + Level 3.7 Fighting
 + Level 2.6 Maces & Flails
 + Level 3.7 Armour
 + Level 0.2 Dodging
 + Level 4.1 Shields


You had 3 spell levels left.
You didn't know any spells.

Dungeon Overview and Level Annotations

Branches:
Dungeon (2/15)

Altars:


Innate Abilities, Weirdness & Mutations

You are resistant to torment.
Your stone body is resilient. (AC +3)
You are immune to poison.
You resist negative energy. (rN+)
You are resistant to electric shocks. (rElec)
You can survive without breathing.
You are immune to petrification.
You are immune to rotting.


Message History

The orc priest barely misses you. You block the giant cockroach's attack.
You block the orc's attack. The orc hits you but does no damage.
You block the orc's attack.
The orc wizard hits you but does no damage.
The giant cockroach closely misses you.
You thump the orc priest!
You kill the orc priest!
You have reached level 4!
You feel clever. The bat hits you.
* * * LOW HITPOINT WARNING * * *
The orc closely misses you. You block the orc's attack.
The orc hits you but does no damage.
The orc wizard hits you but does no damage.
The giant cockroach completely misses you.
The orc hits you but does no damage. The orc hits you.
* * * LOW HITPOINT WARNING * * *
The orc wizard casts a spell at you. The magic dart hits you!
You die...

<# ... ..# .# #).... .#
#######.#.# .#####
##......... .....#
##...####.####...
####.###.....##.........
#.............#
#..##.....##.s###
.....###...###o@o.#
####.## ##.#...o)ob....#
#.# #.#.#.......#.# #.#
#.#.#.8...8.# #.#
#...#.......# #.
##..#.......# #.......#
#.8...8.#


You could see an orc wizard, 3 orcs, a giant cockroach and a bat.

Vanquished Creatures
  An orc priest (D:2)
  2 oozes (D:1)
  A leopard gecko (D:1)
  An orc (D:2)
  2 bats (D:1)
  2 giant cockroaches (D:1)
  6 goblins (D:1)
  2 hobgoblins (D:1)
  A frilled lizard (D:1)
  3 kobolds (D:1)
  3 rats
24 creatures vanquished.

Notes
Turn   | Place    | Note
-------+----------+-------------------------------------------
     0 | D:1      | Tr0llz0r the Gargoyle Fighter began the quest for the Orb.
     0 | D:1      | Reached XP level 1. HP: 14/14 MP: 1/1
    90 | D:1      | Reached XP level 2. HP: 13/19 MP: 2/2
   493 | D:1      | Reached XP level 3. HP: 20/23 MP: 3/3
   778 | D:2      | Reached skill level 4 in Shields
   803 | D:2      | Reached XP level 4. HP: 7/29 MP: 4/4
   803 | D:2      | Killed from afar by an orc wizard

Skill      XL: |  1  2  3 |
---------------+----------+-----
Shields        | 4 |  4.1
Fighting       | |  3.7
Maces & Flails | |  2.6
Armour         | |  3.7
Dodging        | |  0.2

Action                   |  1- 3 |  4- 6 || total
-------------------------+-------+-------++-------
Melee: Flail             |   108 |       ||   108
Armor: Scale mail        |   113 |     2 ||   115
Dodge: Dodged            |    62 |     2 ||    64
Block: Shield            |    77 |     1 ||    78
